 Dungeon Sprint DCSS version 0.20.1-1-g8b1a95d (console) character file.

2500000 hilaritas the Axe Maniac (level 21, -25/224 HPs)
             Began as a Centaur Gladiator on Jan 20, 2018.
             Was a High Priest of Makhleb.
             Annihilated by a bag of meat
             ... wielding a +9 war axe
              (26 damage)
             ... in the Dungeon (Sprint VIII: "Arena of Blood").
             The game lasted 00:01:42 (25 turns).

hilaritas the Axe Maniac (Centaur Gladiator)          Turns: 25, Time: 00:01:43

Health: -25/224    AC: 10    Str: 28    XL:     21   Next: 44%
Magic:  19/38      EV: 22    Int:  7    God:    Makhleb [*****.]
Gold:   0          SH:  0    Dex: 10    Spells: 20/20 levels left

rFire    . . .     SeeInvis .   l - +∞ Axe of Woe
rCold    . . .     Gourm    .   (shield currently unavailable)
rNeg     . . .     Faith    .   b - +0 leather armour
rPois    .         Spirit   .   c - +0 helmet
rElec    .         Reflect  .   (no cloak)
rCorr    .         Harm     .   (no gloves)
MR       +....     NoTele   +   (no barding)
Stlth    ++++++++..             (no amulet)
Regen    0.5/turn               (no ring)
MPRegen  0.3/turn               (no ring)

@: very quick
A: hooves 3, deformed body, speed 2, tough skin 3
a: Minor Destruction, Lesser Servant of Makhleb, Major Destruction, Greater
Servant of Makhleb, Renounce Religion


You were in the Dungeon.
You worshipped Makhleb.
Makhleb was extremely pleased with you.
You were not hungry.

You visited 1 branch

Inventory:

Hand Weapons
 a - a +0 war axe
 l - the +∞ Axe of Woe (weapon)
   (You found it in the Dungeon)
Missiles
 d - 3 throwing nets (quivered)
Armour
 b - a +0 leather armour (worn)
 c - a +0 helmet (worn)
Scrolls
 k - a scroll of blinking
Potions
 e - a potion of curing
 g - a potion of heal wounds
 h - a potion of haste
 i - 2 potions of magic
 j - a potion of berserk rage
Comestibles
 f - a bread ration


   Skills:
 O Level 27 Fighting
 O Level 27 Axes
 - Level 2.1 Throwing
 O Level 27 Armour
 O Level 27 Dodging
 + Level 25.8 Stealth
 O Level 27 Invocations


You had 20 spell levels left.
You didn't know any spells.

Dungeon Overview and Level Annotations

Branches:
Dungeon (1/1)

Altars:
Makhleb


Innate Abilities, Weirdness & Mutations

You have hooves in place of feet.
Armour fits poorly on your strangely shaped body.
You cover ground very quickly.
You have extremely tough skin. (AC +3)


Message History

Your Stealth skill gained 2 levels and is now at level 23!
You have reached level 21!
Your experience leads to an increase in your attributes!
Increase (S)trength, (I)ntelligence, or (D)exterity?
You feel stronger.
You slice the meat berserker!!
You fatally mangle the meat berserker.
You kill the meat berserker!
Makhleb accepts your kill.
Your Stealth skill gained 2 levels and is now at level 25!
You hear a shout! x5 2 orcs come into view.
The bag of meat shouts!
You hear a shout! x2
The bag of meat hits you but does no damage.
The destroyer hits you with a +9 great sword of slicing!!!!!
Ouch! That really hurt!
* * * LOW HITPOINT WARNING * * *
The destroyer bites you but does no damage.
You hear a shout! x2
The bag of meat hits you with a +9 war axe!!
You die...

. ..... . ...# .. ....#
..........# ..
....###......... ..
..###.............###...
..._....................
#.....#.......#.#.oo....
#_.<._#......o..oo......
#.....#.)).))#V#o#o.....
..._..).).).)o))@oo.o.o.
..###.......)o#o#V#..#..
.......###..oooo.ooO ...
.......#......oooo...# .
.......#.o.....o....#..
..................o.....
........o..#...#.O.... #
.....oo...#....#oO...##


You could see 2 destroyers, 3 meat berserkers and 24 bags of meat.

Vanquished Creatures
  A vampire knight (D)
  9 ogres (D)
  13 orcs (D)
23 creatures vanquished.

Notes
Turn   | Place    | Note
-------+----------+-------------------------------------------
     0 | D        | hilaritas the Centaur Gladiator began the quest for the Orb.
     0 | D        | Reached XP level 1. HP: 17/17 MP: 1/1
     3 | D        | Noticed a bag of meat
     3 | D        | Noticed a meat berserker
     4 | D        | Became a worshipper of Makhleb the Destroyer
     7 | D        | Noticed a bag of meat
     8 | D        | Noticed a meat berserker
     8 | D        | Killed a bag of meat
     8 | D        | Reached XP level 2. HP: 24/24 MP: 2/2
     8 | D        | Reached XP level 3. HP: 29/29 MP: 3/3
     8 | D        | Reached XP level 4. HP: 36/36 MP: 4/4
     8 | D        | Reached XP level 5. HP: 41/41 MP: 5/5
     8 | D        | Reached XP level 6. HP: 48/48 MP: 6/6
     8 | D        | Reached XP level 7. HP: 55/55 MP: 7/7
     8 | D        | Reached XP level 8. HP: 61/61 MP: 8/8
     8 | D        | Reached XP level 9. HP: 67/67 MP: 9/9
     8 | D        | Reached XP level 10. HP: 73/73 MP: 10/10
     8 | D        | Reached XP level 11. HP: 79/79 MP: 11/11
     9 | D        | Noticed a bag of meat
     9 | D        | Noticed a meat berserker
     9 | D        | Noticed a bag of meat
     9 | D        | Killed a meat berserker
     9 | D        | Reached * piety under Makhleb
     9 | D        | Reached skill level 27 in Axes
     9 | D        | Reached XP level 12. HP: 42/124 MP: 12/12
     9 | D        | Reached XP level 13. HP: 44/130 MP: 13/13
    10 | D        | Noticed a bag of meat
    10 | D        | Noticed a bag of meat
    10 | D        | Noticed a bag of meat
    10 | D        | Noticed a bag of meat
    10 | D        | Noticed a bag of meat
    11 | D        | Noticed a bag of meat
    12 | D        | Noticed a meat berserker
    12 | D        | Killed a meat berserker
    12 | D        | Reached XP level 14. HP: 56/160 MP: 14/14
    12 | D        | Killed a bag of meat
    12 | D        | Reached XP level 15. HP: 60/173 MP: 15/15
    13 | D        | Killed a meat berserker
    13 | D        | Reached ** piety under Makhleb
    13 | D        | Reached skill level 27 in Fighting
    13 | D        | Reached skill level 15 in Dodging
    14 | D        | Noticed a meat berserker
    16 | D        | Noticed a meat berserker
    16 | D        | Killed a meat berserker
    16 | D        | Reached XP level 16. HP: 183/183 MP: 16/16
    16 | D        | Reached *** piety under Makhleb
    16 | D        | Reached XP level 17. HP: 191/191 MP: 17/17
    17 | D        | Noticed a destroyer
    17 | D        | Noticed a meat berserker
    18 | D        | Noticed a large bag of meat
    18 | D        | Noticed a large bag of meat
    18 | D        | Killed a meat berserker
    18 | D        | Reached skill level 27 in Dodging
    18 | D        | Reached skill level 5 in Armour
    18 | D        | Reached **** piety under Makhleb
    18 | D        | Reached XP level 18. HP: 200/200 MP: 18/18
    19 | D        | Noticed a destroyer
    20 | D        | Noticed a meat berserker
    20 | D        | Noticed a meat berserker
    20 | D        | Noticed a meat berserker
    21 | D        | Reached XP level 19. HP: 207/207 MP: 19/19
    21 | D        | Killed a meat berserker
    21 | D        | Reached ***** piety under Makhleb
    21 | D        | Reached skill level 27 in Armour
    21 | D        | Reached skill level 10 in Invocations
    22 | D        | Noticed a meat berserker
    22 | D        | Noticed a destroyer
    22 | D        | Killed a meat berserker
    23 | D        | Noticed a meat berserker
    24 | D        | Killed a meat berserker
    24 | D        | Reached skill level 27 in Invocations
    24 | D        | Reached XP level 20. HP: 216/216 MP: 19/37
    24 | D        | Killed a destroyer
    24 | D        | Reached XP level 21. HP: 224/224 MP: 19/38
    25 | D        | HP: 1/224 [destroyer/+9 great sword of slicing (54)]
    25 | D        | Annihilated by a bag of meat

Skill      XL: |  1  2  3  4  5  6  7  8  9 10 11 12 13 14 15 16 17 18 19 20 21 |
---------------+----------------------------------------------------------------+-----
Axes           | 24 27 | 27.0
Fighting       | 16 24 26 27 | 27.0
Dodging        | 20 24 27 | 27.0
Armour         | 16 24 27 | 27.0
Invocations    | 27 | 27.0
Stealth        | 13 23 25 | 25.8
Throwing       | |  2.1

Action                   |  1- 3 |  4- 6 |  7- 9 | 10-12 | 13-15 | 16-18 | 19-21 || total
-------------------------+-------+-------+-------+-------+-------+-------+-------++-------
Melee: Executioner's axe |     1 |       |       |     1 |     3 |     2 |     2 ||     9
Armor: Leather armour    |       |       |       |       |       |       |     2 ||     2
